 Dungeon Crawl Stone Soup version 0.14-a0-226-gcf818b1 (webtiles) character file.

956 Antur the Bolt Thrower (level 7, -19/57 HPs)
             Began as a Djinni Wanderer on Oct 11, 2013.
             Was a Follower of Ashenzari.
             Demolished by an ice beast (22 damage)
             ... on Level 4 of the Dungeon.
             The game lasted 00:18:10 (3658 turns).

Antur the Bolt Thrower (Djinni Wanderer)            Turns: 3658, Time: 00:18:10

HP -19/57        AC 15     Str 12      XL: 7   Next: 34%
MP   0/0         EV  5     Int 13      God: Ashenzari [*.....]
Gold 276         SH  0     Dex 14      Spells:  0 memorised, 11 levels left

Res.Fire  : + + +   See Invis. : .   x - staff of poison
Res.Cold  : x . .   Warding    : .   k - +5 chain mail {rPois}
Life Prot.: + + +   Conserve   : .   (no shield)
Res.Poison: +       Res.Corr.  : .   u - +0 dwarf helmet
Res.Elec. : .       Clarity    : .   (no cloak)
Sust.Abil.: . .     Spirit.Shd : .   (no gloves)
Res.Mut.  : .       Stasis     : .   (boots unavailable)
Res.Rott. : .       Flight     : .   (no amulet)
Saprovore : . . .                    (no ring)
                                     h - ring of poison resistance

@: slightly resistant to hostile enchantments, extremely unstealthy
A: fire immunity, cold vulnerability, life protection 3
a: Renounce Religion


You were on level 4 of the Dungeon.
You worshipped Ashenzari.
Ashenzari was aware of your devotion.
You were not hungry.

You visited 1 branch of the dungeon, and saw 5 of its levels.

You collected 226 gold pieces.

Inventory:

Hand weapons
 a - a +2,+3 crossbow
 d - a +0,+0 club
 v - a +0,+0 bow
Armour
 k - a +5 chain mail of poison resistance (worn)
 u - a +0 dwarven helmet (worn)
Magical devices
 o - a wand of digging (13)
 t - a wand of lightning (5) {unknown}
Scrolls
 b - a scroll of curse jewellery
 e - 2 scrolls of teleportation
 g - 4 scrolls of identify
 m - 2 scrolls of curse weapon
 n - a scroll of remove curse
 s - a scroll of immolation {unknown}
 y - a scroll of enchant armour
Jewellery
 h - a ring of poison resistance (left hand)
Potions
 f - a potion of restore abilities
 i - a potion of speed
 j - 2 potions of curing
 l - a potion of degeneration
 p - a potion of resistance {unknown}
 q - 2 potions of brilliance {unknown}
 r - a potion of heal wounds {unknown}
 z - a potion of slowing {unknown}
Magical staves
 x - an uncursed staff of poison (weapon)


   Skills:
 + Level 2.5 Fighting
 * Level 1.1 Bows
 - Level 6.6 Crossbows
 + Level 3.2 Armour
 + Level 1.9 Dodging
 + Level 1.1 Stealth
   Level 1.0 Shields
 + Level 2.8 Spellcasting
   Level 1.1 Conjurations


You had 11 spell levels left.
You didn't know any spells.

Dungeon Overview and Level Annotations

Branches:
Dungeon (5/27)             Temple (0/1) D:5

Altars:
Ashenzari
Cheibriados
Okawaru
Trog
Xom

Annotations:
D:3 Numot's ghost, average DsAK
D:4 Edmund


Innate Abilities, Weirdness & Mutations

You are immune to all types of fire, even holy and hellish.
You are vulnerable to cold.
You need no food.
You have no legs.
You are immune to negative energy.


Message History

The ice beast hits you. The ice beast freezes you!
You feel a terrible chill!
The ice beast hits you but does no damage.
The ice beast hits you but does no damage.
There is an open door here.
There's a creature in the doorway!
The ice beast hits you but does no damage.
The ice beast barely misses you.
There is a stone staircase leading up here.
The ice beast hits you but does no damage.
Edmund hits you but does no damage.
You climb upwards.
There is a stone staircase leading down here.
You hit the ice beast but do no damage. The ice beast hits you.
The ice beast freezes you!
You feel a terrible chill!
* * * LOW HITPOINT WARNING * * *
Edmund hits you but does no damage.
You hit the ice beast but do no damage. The ice beast hits you.
* * * LOW HITPOINT WARNING * * *
The ice beast freezes you!
You feel a terrible chill!
You die...

#.# #....##.....###
##.##########.......##
.........p).....<....#
##.#########.⌠.....⌠.###
.......................#
#..............⌠.⌠....##
#.......####..........#
#.......# #.⌠..@..⌠..#
#.......# #...I@.....#
#..###### ##.......#.#
#..# ##.....##.#
#..######## ########.#
#.........# #.#
#.........# #.#
#...#'##..# . #.#
#...#))#..## . #.#
#..P#..#...##. #.#


You could see Edmund and an ice beast.

Vanquished Creatures
  The ghost of Numot the Chucker, an average DsHu (D:4)
  A centaur (D:5)
  An ogre (D:5)
  A crimson imp (D:5)
  A worker ant (D:5)
  An orc wizard (D:5)
  A gnoll shaman (D:4)
  Ijyb (D:2)
  Terence (D:2)
  7 gnolls
  3 adders
  2 giant mites
  4 worms
  A giant gecko (D:2)
  2 oozes
  7 orcs
  12 bats
  A bat skeleton (D:5)
  8 giant cockroaches
  9 goblins
  9 hobgoblins
  8 jackals
  12 kobolds
  2 quokkas
  A ball python (D:2)
  A giant newt (D:3)
  A hobgoblin zombie (D:5)
  18 rats
117 creatures vanquished.

Notes
Turn   | Place    | Note
--------------------------------------------------------------
     0 | D:1      | Antur, the Djinni Wanderer, began the quest for the Orb.
     0 | D:1      | Reached XP level 1. HP: 14/14 MP: 0/0
     7 | D:1      | Noticed a black bear
     7 | D:1      | Noticed an eight-headed hydra
     7 | D:1      | Noticed a lindwurm
   202 | D:1      | Reached XP level 2. EP: 22/22
   462 | D:2      | Found a shattered altar of Ashenzari.
   463 | D:2      | Noticed Terence
   472 | D:2      | Killed Terence
   472 | D:2      | Reached XP level 3. EP: 24/28
   505 | D:2      | Became a worshipper of Ashenzari the Shackled
   582 | D:2      | Reached skill level 3 in Crossbows
   687 | D:2      | Found a snail-covered altar of Cheibriados.
   823 | D:2      | Reached XP level 4. EP: 35/35
   955 | D:2      | Found a shimmering altar of Xom.
  1249 | D:2      | Noticed Ijyb
  1258 | D:2      | Killed Ijyb
  1258 | D:2      | Reached skill level 4 in Crossbows
  1411 | D:3      | Noticed Numot's ghost (average DsAK)
  1690 | D:3      | Found a bloodstained altar of Trog.
  1810 | D:3      | Reached XP level 5. EP: 42/42
  1831 | D:3      | Found an iron altar of Okawaru.
  2591 | D:4      | Reached skill level 5 in Crossbows
  2671 | D:4      | Noticed Numot's ghost (average DsHu)
  2709 | D:4      | Noticed a phantom
  2743 | D:4      | Killed Numot's ghost
  2743 | D:4      | Reached skill level 6 in Crossbows
  2743 | D:4      | Reached skill level 1 in Dodging
  2743 | D:4      | Reached XP level 6. EP: 38/49
  2803 | D:5      | Entered Level 5 of the Dungeon
  3074 | D:5      | Reached XP level 7. EP: 40/57
  3369 | D:5      | Found a staircase to the Ecumenical Temple.
  3379 | D:5      | Noticed Edmund
  3544 | D:5      | Reached skill level 1 in Bows
  3658 | D:4      | Demolished by an ice beast

Action                   |  1- 3 |  4- 6 |  7- 9 || total
-------------------------+-------+-------+-------++-------
Melee: Crossbow          |       |    26 |     7 ||    33
       Staff             |       |       |    25 ||    25
 Fire: Crossbow          |    62 |   154 |    22 ||   238
       Bow               |       |       |    13 ||    13
  Use: Scroll            |     5 |     8 |     2 ||    15
